 Dungeon Crawl Stone Soup version 0.24-a0-420-g24607be9ce (webtiles) character file.

Game seed: 10144219499288410479

467 wilfster70 the Covert (level 7, -4/56 HPs)
             Began as a Gnoll Enchanter on June 11, 2019.
             Killed by divine providence
             ... invoked by an orc priest
              (17 damage)
             ... on level 4 of the Dungeon.
             The game lasted 00:07:18 (2748 turns).

wilfster70 the Covert (Gnoll Enchanter)             Turns: 2748, Time: 00:07:19

Health: -4/56      AC:  3    Str: 16    XL:     7   Next: 8%
Magic:  17/17      EV: 15    Int: 19    God:
Gold:   127        SH:  0    Dex: 10    Spells: 14/20 levels left

rFire    . . .     SeeInvis .   a - +2 dagger (elec)
rCold    . . .     Gourm    .   (no shield)
rNeg     . . .     Faith    .   b - +0 robe
rPois    .         Spirit   .   (no helmet)
rElec    .         Reflect  .   e - +0 cloak
rCorr    .         Harm     .   (no gloves)
MR       .....                  (no boots)
Stlth    ++++......             (no amulet)
HPRegen  0.18/turn              c - -5 ring of dexterity (curse)
MPRegen  0.15/turn              k - +5 ring of strength

@: flying
A: distributed training, fangs 1, strong nose
a: no special abilities


You were on level 4 of the Dungeon.
You were not hungry.

You visited 1 branch of the dungeon, and saw 4 of its levels.

You collected 127 gold pieces.

Inventory:

Hand Weapons
 a - a +2 dagger of electrocution (weapon)
Missiles
 i - 4 boomerangs (quivered)
Armour
 b - a +0 robe (worn)
 e - a +0 cloak (worn)
Jewellery
 c - a cursed -5 ring of dexterity (left hand)
 k - a +5 ring of strength (right hand)
Scrolls
 m - a scroll of identify
Potions
 f - a potion of magic
 g - 3 potions of mutation
 n - a potion of brilliance {unknown}
Comestibles
 d - 6 rations
 h - 3 chunks of flesh


   Skills:
 + Level 5.3 Fighting
 + Level 5.9 Short Blades
 + Level 5.3 Long Blades
 + Level 5.3 Axes
 + Level 5.3 Maces & Flails
 + Level 5.3 Polearms
 + Level 5.3 Staves
 + Level 5.3 Slings
 + Level 5.3 Bows
 + Level 5.3 Crossbows
 + Level 5.3 Throwing
 + Level 5.3 Armour
 + Level 7.1 Dodging
 + Level 8.1 Stealth
 + Level 5.3 Shields
 + Level 5.3 Unarmed Combat
 + Level 7.3 Spellcasting
 + Level 4.3 Conjurations
 + Level 7.1 Hexes
 + Level 4.3 Charms
 + Level 4.3 Summonings
 + Level 4.3 Necromancy
 + Level 4.3 Translocations
 + Level 4.3 Transmutations
 + Level 4.3 Fire Magic
 + Level 4.3 Ice Magic
 + Level 4.3 Air Magic
 + Level 4.3 Earth Magic
 + Level 4.3 Poison Magic
 + Level 5.8 Invocations
 + Level 5.3 Evocations


You had 14 spell levels left.
You knew the following spells:

 Your Spells              Type           Power        Failure   Level  Hunger
a - Corona                Hex            ####...      1%          1    None
b - Ensorcelled Hibernat  Hex/Ice        ####..       1%          2    None
c - Confuse               Hex            ####....     1%          3    #......

Your spell library contained the following spells:

 Spells                   Type           Power        Failure   Level  Hunger
 Tukima's Dance           Hex            ####....     1%          3    #......
 Dazzling Spray           Conj/Hex       ####..       2%          3    #......


Dungeon Overview and Level Annotations

Branches:
Dungeon (4/15)
 Temple: D:4-7

Altars:
Cheibriados
Zin
The Shining One


Innate Abilities, Weirdness & Mutations

Your experience applies equally to all skills.
You have very sharp teeth.
Your uncanny sense of smell can sniff out nearby items.


Message History

You fly up into the air.
Something barely misses you.
It was a potion of heal wounds.
You feel much better. Something hits you.
Something hits you but does no damage. Something hits you but does no damage.
Something hits you.
The orc wizard looks encouraged for a moment.
You hear some strange, mumbled words.
A puff of frost appears from out of thin air!
The puff of frost hits you. The orc wizard casts a spell at you.
The puff of frost misses you.
You hear some strange, mumbled words.
A puff of frost appears from out of thin air!
The puff of frost hits you.
The orc wizard gestures at you while chanting.
The magic dart hits you.
* * * LOW HITPOINT WARNING * * *
The orc priest mumbles some strange prayers to Beogh against you.
Beogh smites you!
You die...

#....#######..................
#.....................##.#####
#......(.................o....
#....########......o.###.#####
#....# ##.......# #.# #.
###### ###o...## #.# #.
##..#### #.# ## ###..## #.#
#.@.## #.# # #.### #.# ..
###.# #.....####...#
#..........######
#.....##.)......#
#......#........#
#......#........#
#.....<#........#### #


You could see an orc priest and an orc wizard.

Vanquished Creatures
  Eustachio (D:4)
  An orc wizard (D:4)
  2 adders
  An ooze (D:1)
  4 dart slugs
  4 leopard geckos
  7 orcs
  6 bats
  2 giant cockroaches
  9 goblins
  6 hobgoblins
  4 jackals (D:2)
  6 kobolds
  A quokka (D:3)
  A ball python skeleton (D:4)
  3 frilled lizards
  5 rats
  A plant (D:1)
64 creatures vanquished.

Notes
Turn   | Place    | Note
-------+----------+-------------------------------------------
     0 | D:1      | wilfster70 the Gnoll Enchanter began the quest for the Orb.
     0 | D:1      | Reached XP level 1. HP: 13/13 MP: 6/6
   455 | D:1      | Reached XP level 2. HP: 19/19 MP: 7/7
   477 | D:1      | Learned a level 2 spell: Ensorcelled Hibernation
   826 | D:1      | Reached XP level 3. HP: 24/25 MP: 9/9
  1115 | D:1      | Reached skill level 5 in Spellcasting
  1296 | D:2      | Reached skill level 6 in Stealth
  1409 | D:2      | Reached skill level 1 in Invocations
  1455 | D:2      | Found a glowing silver altar of Zin.
  1455 | D:2      | Found a snail-covered altar of Cheibriados.
  1770 | D:2      | Found a glowing golden altar of the Shining One.
  1846 | D:2      | Reached skill level 1 in Fighting
  1846 | D:2      | Reached skill level 1 in Long Blades
  1846 | D:2      | Reached skill level 1 in Axes
  1846 | D:2      | Reached skill level 1 in Maces & Flails
  1846 | D:2      | Reached skill level 1 in Polearms
  1846 | D:2      | Reached skill level 1 in Staves
  1846 | D:2      | Reached skill level 1 in Slings
  1846 | D:2      | Reached skill level 1 in Bows
  1846 | D:2      | Reached skill level 1 in Crossbows
  1846 | D:2      | Reached skill level 1 in Throwing
  1846 | D:2      | Reached skill level 1 in Armour
  1846 | D:2      | Reached skill level 1 in Shields
  1846 | D:2      | Reached skill level 1 in Unarmed Combat
  1846 | D:2      | Reached skill level 1 in Evocations
  1982 | D:3      | Reached XP level 4. HP: 32/32 MP: 11/11
  2143 | D:3      | Reached skill level 7 in Stealth
  2143 | D:3      | Reached XP level 5. HP: 42/42 MP: 12/14
  2144 | D:3      | Reached skill level 5 in Fighting
  2144 | D:3      | Reached skill level 5 in Short Blades
  2144 | D:3      | Reached skill level 5 in Long Blades
  2144 | D:3      | Reached skill level 5 in Axes
  2144 | D:3      | Reached skill level 5 in Maces & Flails
  2144 | D:3      | Reached skill level 5 in Polearms
  2144 | D:3      | Reached skill level 5 in Staves
  2144 | D:3      | Reached skill level 5 in Slings
  2144 | D:3      | Reached skill level 5 in Bows
  2144 | D:3      | Reached skill level 5 in Crossbows
  2144 | D:3      | Reached skill level 5 in Throwing
  2144 | D:3      | Reached skill level 5 in Armour
  2144 | D:3      | Reached skill level 8 in Stealth
  2144 | D:3      | Reached skill level 5 in Shields
  2144 | D:3      | Reached skill level 5 in Unarmed Combat
  2144 | D:3      | Reached skill level 5 in Invocations
  2144 | D:3      | Reached skill level 5 in Evocations
  2144 | D:3      | Reached XP level 6. HP: 51/51 MP: 13/16
  2217 | D:3      | Learned a level 3 spell: Confuse
  2542 | D:4      | Found the +27 Lear's hauberk
  2546 | D:4      | Noticed Eustachio
  2553 | D:4      | Killed Eustachio
  2648 | D:4      | Reached XP level 7. HP: 42/56 MP: 17/17
  2748 | D:4      | Killed from afar by an orc priest

Levels and vault maps discovered:
D:1:      dpeg_arrival_pond, layout_basic, serial_bayou_lagoon_a,
          minmay_pentomino_p2
D:2:      layout_basic, amethyst_overflow_temple_binary, tso_altar, uniq_terence
D:3:      layout_rooms, roderic_roman_lattice, kennysheep_generic_room_14
D:4:      layout_rooms, st_stairs_14, uniq_eustachio

Skill      XL: |  1  2  3  4  5 |
---------------+----------------+-----
Spellcasting   | 5 6 7 |  7.3
Stealth        | 6 7 8 |  8.1
Invocations    | 1 4 5 |  5.8
Fighting       | 1 4 5 |  5.3
Long Blades    | 1 4 5 |  5.3
Axes           | 1 4 5 |  5.3
Maces & Flails | 1 4 5 |  5.3
Polearms       | 1 4 5 |  5.3
Staves         | 1 4 5 |  5.3
Slings         | 1 4 5 |  5.3
Bows           | 1 4 5 |  5.3
Crossbows      | 1 4 5 |  5.3
Throwing       | 1 4 5 |  5.3
Armour         | 1 4 5 |  5.3
Shields        | 1 4 5 |  5.3
Unarmed Combat | 1 4 5 |  5.3
Evocations     | 1 4 5 |  5.3
Short Blades   | 4 5 |  5.9
Dodging        | 6 7 |  7.1
Conjurations   | 3 4 |  4.3
Hexes          | 6 7 |  7.1
Charms         | 3 4 |  4.3
Summonings     | 3 4 |  4.3
Necromancy     | 3 4 |  4.3
Translocations | 3 4 |  4.3
Transmutations | 3 4 |  4.3
Fire Magic     | 3 4 |  4.3
Ice Magic      | 3 4 |  4.3
Air Magic      | 3 4 |  4.3
Earth Magic    | 3 4 |  4.3
Poison Magic   | 3 4 |  4.3

Action                   |  1- 3 |  4- 6 |  7- 9 || total
-------------------------+-------+-------+-------++-------
Melee: Dagger            |   108 |    35 |    19 ||   162
       Bite              |    10 |     2 |       ||    12
 Cast: Ensorcelled Hiber |       |       |     2 ||     2
  Use: Scroll            |     4 |     3 |       ||     7
       Potion            |       |     2 |     2 ||     4
 Stab: Sleeping          |    11 |     5 |       ||    16
  Eat: Chunk             |     3 |     2 |     1 ||     6
Armor: Robe              |    19 |     2 |       ||    21
Dodge: Dodged            |    49 |    11 |     9 ||    69

Table legend:
 A = Non-vault XP
 B = Vault XP
 C = Vault XP percentage of total XP
 D = Non-vault monster count
 E = Vault monster count
 F = Vault count percentage of total count
                 A         B        C        D         E       F
            +---------+---------+-------+---------+---------+-------
      Total |     184 |     213 |  53.7 |      58 |       5 |   7.9
            +---------+---------+-------+---------+---------+-------
        D:1 |      42 |       3 |   6.7 |      19 |       2 |   9.5
        D:2 |      31 |       0 |   0.0 |      14 |       0 |   0.0
        D:3 |      39 |       7 |  15.2 |      16 |       2 |  11.1
        D:4 |      72 |     203 |  73.8 |       9 |       1 |  10.0
            +---------+---------+-------+---------+---------+-------
